AoeStats
← bepo

Black Forest

503134271Analyzed
2v2 RM · 2mo ago on Aug 30, 2026· 47m 47s· 4 players
Game mode
Random Map
Map size
Medium (4 player)
Population
200
Speed
Normal
Resources
Standard
Victory
Conquest
Starting age
Dark Age
Ending age
Imperial Age
RankedLock teamsTeams togetherTeam positionsShared explorationLock speedFull tech treeHidden civsTurbo modeCheats
Victory
Defeat
🇩🇪 Franks · Germany
812
+17
🇩🇪 Britons · Germany
812
+17
vs
🇫🇷 Britons · France
842
-17
🇫🇷 Spanish · France
841
-17
gloovE
0:40 Loom
11:50 Feudal Age
12:16 Double-Bit Axe
12:58 Horse Collar
13:55 Wheelbarrow
13:48 Gold Mining
19:49 Castle Age
18:19 Fletching
18:39 Forging
20:18 Stone Mining
21:04 Heavy Plow
21:23 Bow Saw
23:22 Elite Skirmisher
24:17 Fishing Lines
25:35 Fortified Wall
25:47 Ballistics
25:59 Hand Cart
27:43 Gold Shaft Mining
28:34 Bodkin Arrow
29:12 Masonry
31:03 Padded Archer Armor
31:38 Coinage
31:17 Crossbowman
35:27 Imperial Age
33:24 Caravan
33:29 Gillnets
34:13 Leather Archer Armor
34:53 Town Watch
35:58 Scale Mail Armor
35:56 Murder Holes
36:39 Conscription
37:01 Conscription
37:17 Hoardings
36:09 Pikeman
36:50 Squires
37:30 Iron Casting
37:48 Architecture
37:27 Siege Engineers
37:58 Bracer
39:11 Two-Man Saw
39:09 Ring Archer Armor
39:11 Arbalester
41:56 Architecture
42:59 Yeomen
bepo
0:29 Loom
13:37 Feudal Age
14:58 Wheelbarrow
14:14 Double-Bit Axe
22:01 Castle Age
23:14 Bow Saw
26:01 Hand Cart
32:14 Gold Mining
32:15 Stone Mining
32:37 Fortified Wall
32:38 Elite Skirmisher
36:37 Imperial Age
34:41 Light Cavalry
35:21 Husbandry
38:00 Gold Shaft Mining
36:47 Cavalier
37:39 Forging
37:30 Scale Mail Armor
37:36 Scale Barding Armor
40:11 Chemistry
39:32 Ballistics
40:43 Chivalry
41:03 Conscription
40:49 Paladin
41:33 Caravan
47:06 Chain Barding Armor
47:21 Iron Casting
Thehyun
12:29 Feudal Age
14:17 Double-Bit Axe
14:54 Fishing Lines
15:36 Horse Collar
18:10 Wheelbarrow
19:44 Town Watch
25:02 Castle Age
23:04 Gold Mining
24:06 Stone Mining
24:26 Scale Barding Armor
25:40 Gillnets
27:11 Bow Saw
27:11 Caravan
27:48 Heavy Plow
29:04 Stone Shaft Mining
30:20 Hand Cart
30:58 Fortified Wall
31:30 Ballistics
32:01 Chain Barding Armor
36:37 Imperial Age
36:29 Masonry
36:14 Murder Holes
36:43 Elite Conquistador
38:28 Chemistry
37:38 Husbandry
37:48 Bloodlines
37:28 Capped Ram
39:03 Hoardings
39:23 Cavalier
46:34 Paladin
gambier.nicolas2004
10:55 Feudal Age
11:48 Double-Bit Axe
13:00 Horse Collar
20:09 Castle Age
18:32 Stone Mining
18:36 Fishing Lines
19:22 Gold Mining
21:19 Bow Saw
21:07 Gillnets
22:01 Gold Shaft Mining
24:12 Pikeman
24:53 Squires
25:56 Padded Archer Armor
25:47 Fletching
26:58 Leather Archer Armor
28:41 Wheelbarrow
27:51 Town Watch
28:42 Scale Mail Armor
28:53 Forging
29:17 Bodkin Arrow
30:59 Hand Cart
30:29 Town Watch
35:22 Imperial Age
34:52 Caravan
35:50 Arson
36:40 Yeomen
35:40 Elite Longbowman
36:41 Conscription
36:57 Hoardings
37:38 Two-Man Saw
36:23 Halberdier
37:54 Heavy Scorpion
41:38 Chemistry
40:50 Masonry
40:45 Siege Engineers
40:51 Fortified Wall
41:02 Ballistics
42:17 Heated Shot
43:35 Ring Archer Armor
43:06 Bracer
45:49 Crossbowman
46:46 Arbalester
Connection lost

Rejoining the realm…

Still unreachable

The connection could not be restored.

Session expired

The server has moved on; the page needs a fresh start.